Cogmind - Beta 13 @@@ ROGUE MODE // 2024.03.16 @ 06:23:43 Player: J1ang-5h1 Result: Destroyed by G-47 Trooper with Particle Gun Performance ------------- Evolutions (0) 0 Regions Visited (3) 600 Robots Destroyed (34) 170 Value Destroyed (958) 958 Prototype IDs (3) 60 Alien Tech Used (0) 0 Bonus (-97) -97 TOTAL SCORE: 1691 Bonus ------- Follower Combat Kills 40 Friendly Fire -137 Cogmind --------- Core Integrity 0/250 Matter 292/300 Energy 265/265 System Corruption 0% Temperature Cool (32) Movement Rolling (125) Ox3 Location -8/Recycling Parts ------- > --- POWER (1) -------- Improved Ion Engine > --- PROPULSION (2) --- Wheel > --- UTILITY (2) ------ Large Storage Unit Subdweller Optics > --- WEAPON (2) ------- Improved Light Cannon Improved Light Cannon > --- INVENTORY (15) --- Light Nuclear Core Wheel Improved Flight Unit Improved Flight Unit Improved Flight Unit Improved Flight Unit Scrap Engine Improved Heat Sink Improved Terrain Scan Processor Seismic Detector Light Armor Plating Heavy EM Pulse Gun Heavy EM Pulse Gun Improved Light Cannon Peak State ------------ > --- POWER ------------ Light Nuclear Core > --- PROPULSION ------- Wheel Wheel > --- UTILITY ---------- Large Storage Unit Subdweller Optics > --- WEAPON ----------- Improved Light Cannon Improved Light Cannon > --- INVENTORY -------- Wheel Improved Flight Unit Improved Flight Unit Improved Flight Unit Improved Flight Unit Scrap Engine Improved Heat Sink Signal Interpreter Transport Network Coupler Light Armor Plating Heavy EM Pulse Gun Heavy EM Pulse Gun Improved Light Cannon [Rating: 16] Favorites ----------- Power Light Ion Engine Engine Light Ion Engine Power Core Light Nuclear Core Propulsion Wheel Leg Aluminum Leg Wheel Wheel Utility Large Storage Unit Device Subdweller Optics Storage Large Storage Unit Hackware Hacking Suite Protection Light Armor Plating Weapon Heavy EM Pulse Gun Energy Gun Heavy EM Pulse Gun Ballistic Gun Assault Rifle Ballistic Cannon Improved Light Cannon Launcher Grenade Launcher Build | -11 -10 -10 -8 ------- Run | Yrd Mat Sub Rec Slots Evolved . | . . . . Power . | . . . . Propulsion . | . . . . Utility . | . . . . Weapon . | . . . . Parts Attached 28 | . 18 9 1 Power 3 | . 1 1 1 Engine 2 | . 1 . 1 Core 1 | . . 1 . Reactor . | . . . . Propulsion 5 | . 3 2 . Treads . | . . . . Leg . | . . . . Wheel 5 | . 3 2 . Hover . | . . . . Flight . | . . . . Utility 7 | . 4 3 . Device 2 | . . 2 . Storage 2 | . 2 . . Processor . | . . . . Hackware 1 | . 1 . . Protection 2 | . 1 1 . Artifact . | . . . . Weapon 13 | . 10 3 . Energy Gun 5 | . 5 . . Energy Cannon . | . . . . Ballistic Gun 3 | . 3 . . Ballistic Cannon 2 | . . 2 . Launcher 3 | . 2 1 . Special Weapon . | . . . . Impact Weapon . | . . . . Slashing Weapon . | . . . . Piercing Weapon . | . . . . Special Melee Weapon . | . . . . Unidentified Prototypes . | . . . . Parts Lost 8 | . 3 4 1 Power 1 | . . 1 . Propulsion 2 | . . 1 1 Utility 2 | . 2 . . Weapon 3 | . 1 2 . Highest Loss Streak 4 | . 2 4 1 To Critical Strikes . | . . . . Average Slot Usage (%) 95 | . 96 95 94 Engine 12 | . 14 9 12 Core 1 | . . 4 1 Leg 3 | . 6 . . Wheel 22 | . 21 24 22 Device 3 | . . 2 14 Storage 14 | . 14 14 14 Hackware 2 | . 1 9 . Protection 5 | . 9 1 . Energy Gun 15 | . 22 11 . Ballistic Gun 3 | . 5 . . Ballistic Cannon 7 | . . 8 28 Launcher 1 | . . 7 . Naked Turns . | . . . . Heaviest Build 37 | 11 32 36 37 Greatest Support 32 | 20 32 26 20 Greatest Overweight (x) 3 | . 1 3 3 Average Overweight (x) . | . . 1 1 Largest Inventory Capacity 15 | . 15 15 15 Average Capacity 14 | . 13 15 15 Most Carried 15 | . 15 15 15 Average Carried 13 | . 12 13 14 Final Capacity 15 | 8 15 15 15 Final Carried 15 | 6 15 12 15 Class Distribution -------------------- 77% | Mutant 16% | Scavenger-Mutant 6% | Commander-Mutant Dominant Class ---------------- Mutant | -10/Materials Mutant | -10/Subcaves Scavenger-Mutant | -8/Recycling Resources | -11 -10 -10 -8 ----------- Run | Yrd Mat Sub Rec Matter Collected 915 | 194 301 287 133 Remotely . | . . . . Salvage Created 749 | . 428 121 200 Parts 53 | . 29 12 12 Haulers Intercepted 2 | . 2 . . Recyclers Shooed . | . . . . Parts Field Recycled . | . . . . Retrieved Matter . | . . . . Parts Self-Destructed 8 | . . 8 . Prevented . | . . . . Kills | -11 -10 -10 -8 ------- Run | Yrd Mat Sub Rec Combat Hostiles Destroyed 24 | . 12 8 4 Guns 4 | . 4 . . Cannons 5 | . . 1 4 AOE 15 | . 8 7 . Classes Destroyed 10 | . 7 2 1 Worker 2 | . 2 . . Hauler 2 | . 2 . . Recycler 1 | . 1 . . Operator 1 | . 1 . . Turret 2 | . . 2 . Watcher 2 | . 2 . . Swarmer 6 | . 3 3 . Grunt 10 | . 9 . 1 Sentry 3 | . . . 3 Subdweller 5 | . . 5 . Best Kill Streak 10 | . 10 4 1 Combat Bots Only 7 | . 7 4 1 Max Kills in Single Turn 4 | . 4 1 1 Gunslinging . | . . . . Exploded 2 | . 2 1 . Melee . | . . . . Uniques/NPCs Destroyed . | . . . . Combat | -11 -10 -10 -8 -------- Run | Yrd Mat Sub Rec Hostile Shots Fired 98 | . 46 32 20 Missed 25 | . 9 9 7 Damage Taken 1129 | . 619 315 195 Core 252 | . 99 82 71 Absorbed by Shields . | . . . . Regen/Repaired (Parts) 24 | . 24 . . Core Remaining (%) 100 | 100 . . . Volleys Fired 78 | . 39 23 16 Largest 2 | . 2 2 2 Hottest 90 | . 90 78 78 Shots Fired 124 | . 70 28 26 Gun 63 | . 63 . . Cannon 36 | . . 10 26 Launcher 25 | . 7 18 . Special . | . . . . Kinetic 64 | . 28 10 26 Thermal 31 | . 31 . . Explosive 25 | . 7 18 . Electromagnetic 4 | . 4 . . Robot Hit Streak 9 | . 9 8 7 Robot Miss Streak 4 | . 4 1 2 Penetration Max . | . . . . Secondary Targets . | . . . . Shots Hit Robots 75 | . 43 18 14 Core Hits 49 | . 27 16 6 Critical Kills . | . . . . Critical Parts Destroyed . | . . . . Critical Strikes 1 | . . 1 . Blast 1 | . . 1 . Melee Attacks . | . . . . Impact . | . . . . Slashing . | . . . . Piercing . | . . . . Sneak Attacks . | . . . . Combat Hostiles . | . . . . Follow-up Attacks . | . . . . Damage Inflicted 3365 | . 2084 969 312 Guns 515 | . 515 . . Cannons 486 | . . 174 312 Explosions 2364 | . 1569 795 . Melee . | . . . . Ramming . | . . . . Kinetic 751 | . 265 174 312 Thermal 1012 | . 1012 . . Explosive 1567 | . 772 795 . Electromagnetic 35 | . 35 . . Impact . | . . . . Slashing . | . . . . Piercing . | . . . . Highest Corruption . | . . . . Average Corruption . | . . . . Corruption Purged . | . . . . Corruption Blocked . | . . . . Overload Shots . | . . . . Overflow Damage 163 | . 152 11 . Projectiles . | . . . . Explosions 163 | . 152 11 . Melee . | . . . . Knockbacks 2 | . . . 2 Impact . | . . . . Kinetic 1 | . . . 1 Secondary 1 | . . . 1 Self-Inflicted Damage 248 | . 206 42 . Shots 6 | . 3 3 . Rammed . | . . . . Targets Rammed . | . . . . Kicked . | . . . . Crushed . | . . . . Highest Temperature 171 | . 156 . 171 Average Temperature 50 | . 52 . 46 Received Heat Transfer 339 | . 201 48 90 Siege Activations . | . . . . Robots Corrupted . | . . . . Combat Hostiles . | . . . . Parts Fried . | . . . . Impact Corruptions . | . . . . Robots Melted . | . . . . Combat Hostiles . | . . . . Parts Melted 2 | . 2 . . Heat Transferred 1083 | . 1083 . . Parts Sabotaged . | . . . . Parts Stolen . | . . . . Parts Stripped . | . . . . Power Chain Reactions 1 | . 1 . . Alert | -11 -10 -10 -8 ------- Run | Yrd Mat Sub Rec Peak Influence 393 | . 393 . 163 Initial 44 | . . . 44 Average 149 | . 169 . 93 Maximum Alert Level 1 | . 1 . . Low Security (%) 77 | . 69 . 100 Level 1 22 | . 30 . . Level 2 . | . . . . Level 3 . | . . . . Level 4 . | . . . . Level 5 . | . . . . High Security . | . . . . Max Security . | . . . . Squads Dispatched 2 | . 2 . . Investigation 1 | . 1 . . Extermination . | . . . . Reinforcement 1 | . 1 . . Assault . | . . . . Garrison . | . . . . Intercept . | . . . . Searches Triggered . | . . . . Construction Impeded . | . . . . Haulers Reinforced . | . . . . Active Scanning Responses . | . . . . Cargo Convoy Interrupts . | . . . . Stealth | -11 -10 -10 -8 --------- Run | Yrd Mat Sub Rec Distress Signals 2 | . 2 . . Communications Jammed . | . . . . Distress Signals . | . . . . Times Spotted 48 | . 24 15 9 Peak Tracking Total 6 | . 6 5 5 Tactical Retreats 6 | . 4 2 . Traps | -11 -10 -10 -8 ------- Run | Yrd Mat Sub Rec Traps Triggered 1 | . 1 . . Indirectly . | . . . . Trap Hack Attempts . | . . . . Triggered . | . . . . Disarmed . | . . . . Reprogrammed . | . . . . Reused . | . . . . Traps Extracted . | . . . . Installed . | . . . . Triggered . | . . . . Machines | -11 -10 -10 -8 ---------- Run | Yrd Mat Sub Rec Machines Disabled 9 | . 7 1 1 Max in Single Turn 4 | . 4 1 1 Machines Repaired . | . . . . Machines Dismantled . | . . . . Machines Sabotaged . | . . . . Overloaded Fab Kills . | . . . . Hacking | -11 -10 -10 -8 --------- Run | Yrd Mat Sub Rec Machines Accessed 13 | . 9 1 3 Terminals 7 | . 6 . 1 Fabricators . | . . . . Repair Stations 1 | . 1 . . Recycling Units 4 | . 2 . 2 Scanalyzers . | . . . . Garrison Access . | . . . . Total Hacks 43 | . 32 2 9 Successful 28 | . 22 2 4 Failed 15 | . 10 . 5 Catastrophic 1 | . . . 1 Database Lockouts . | . . . . Manual 21 | . 14 1 6 Terminals 21 | . 18 . 3 Fabricators . | . . . . Repair Stations 4 | . 4 . . Recycling Units 16 | . 10 . 6 Scanalyzers . | . . . . Garrison Access . | . . . . Terminal Hacks 9 | . 6 2 1 Record 2 | . . 2 . Robot Analysis 1 | . 1 . . Prototype ID Bank 2 | . 1 . 1 Terminal Index 1 | . 1 . . Alert Level 1 | . 1 . . Unreport Threat 1 | . 1 . . Locate Traps 1 | . 1 . . Fabricator Hacks . | . . . . Repair Station Hacks 3 | . 3 . . Scan Component 1 | . 1 . . Repair 1 | . 1 . . Refit 1 | . 1 . . Recycling Unit Hacks 5 | . 5 . . Report Inventory 2 | . 2 . . Retrieve Matter 1 | . 1 . . Retrieve Components 2 | . 2 . . Scanalyzer . | . . . . Garrison Access Hacks . | . . . . Unauthorized Hacks 11 | . 8 . 3 Terminals 4 | . 3 . 1 Assimilate 1 | . 1 . . Botnet 3 | . 2 . 1 Fabricators . | . . . . Repair Stations . | . . . . Recycling Units 7 | . 5 . 2 Monitor 1 | . 1 . . Reject 3 | . 2 . 1 Mask 3 | . 2 . 1 Scanalyzers . | . . . . Garrison Access . | . . . . Data Cores Recovered . | . . . . Used . | . . . . Hacking Detections 11 | . 8 . 3 Full Trace Events . | . . . . Feedback Events . | . . . . Feedback Blocked . | . . . . Robot Schematics Acquired . | . . . . Robots Built . | . . . . Authchips . | . . . . Time . | . . . . Total Robot Build Rating . | . . . . Part Schematics Acquired . | . . . . Parts Built . | . . . . Authchips . | . . . . Time . | . . . . Total Part Build Rating . | . . . . Parts Repaired 1 | . 1 . . Time 26 | . 26 . . Parts Recycled . | . . . . Recycled Matter . | . . . . Retrieved Matter . | . . . . Retrieved Components 16 | . 16 . . Parts Scanalyzed . | . . . . Part Schematics Acquired . | . . . . Parts Damaged . | . . . . Bothacking | -11 -10 -10 -8 ------------ Run | Yrd Mat Sub Rec Used RIF Installer . | . . . . Robots Hacked . | . . . . Non-combat . | . . . . Combat . | . . . . Robot Hacks Applied . | . . . . Relay Couplers Released . | . . . . Fabnet Peak Effective % . | . . . . Robots Rewired 13 | . . . 13 Allies Hacked . | . . . . Hacks Repelled . | . . . . Allies | -11 -10 -10 -8 -------- Run | Yrd Mat Sub Rec Total Allies 14 | . 1 . 13 Largest Group 13 | . 1 . 13 Highest-Rated Group 186 | . 10 . 186 Highest-Rated Ally 27 | . 10 . 27 Total Orders . | . . . . Ally Attacks 7 | . . . 7 Total Damage 116 | . . . 116 Kills 2 | . . . 2 Allies Corrupted . | . . . . Allies Melted . | . . . . Intel | -11 -10 -10 -8 ------- Run | Yrd Mat Sub Rec Robot Analysis Total 1 | . 1 . . Derelict Logs Recovered . | . . . . Drone Launches . | . . . . Drone Recoveries . | . . . . Exploration | -11 -10 -10 -8 ------------- Run | Yrd Mat Sub Rec Turns Passed 2399 | . 1401 487 511 Spaces Moved 1627 | 1 880 397 349 Core . | . . . . Treads . | . . . . Legs 187 | 1 186 . . Wheels 1440 | . 694 397 349 Hover . | . . . . Flight . | . . . . Fastest Speed 90 | 120 90 95 95 Average Speed 105 | 120 106 105 101 Slowest Speed 125 | 120 120 125 125 Overloaded Moves . | . . . . Propulsion Burnouts . | . . . . Robots Hopped . | . . . . Cave-ins Triggered . | . . . . Exploration Rate (%) 46 | 2 92 24 67 Regions Visited 3 Branch Regions 2 Pre-discovered Areas . | . . . . Known Exits Taken 1 | . . 1 . Unknown Exits Taken 2 | 1 1 . . Scrap Searched . | . . . . Spaces Dug . | . . . . Terrain Destroyed 137 | . 56 80 1 Melee . | . . . . Projectile 1 | . . . 1 AOE 136 | . 56 80 . Terrain Rammed . | . . . . Walls Destroyed . | . . . . Machines Disabled . | . . . . Actions | -11 -10 -10 -8 --------- Run | Yrd Mat Sub Rec Total 2196 | . 1279 435 482 Wait 294 | . 293 . 1 Move 1624 | . 879 396 349 Hop . | . . . . Pick Up 37 | . 29 4 4 Fast Attach 3 | . 3 . . Attach 8 | . 2 6 . Detach . | . . . . Swap 17 | . 13 3 1 Drop 26 | . 21 3 2 Fire 78 | . 39 23 16 Melee . | . . . . Ram . | . . . . Kick . | . . . . Crush . | . . . . Escape Stasis . | . . . . Rewire 109 | . . . 109 Trap . | . . . . Miscellaneous . | . . . . Route ------- -11/Scrapyard -10/Materials (discovered 6 exits: [*Mat x3] / [*Min x2] / *Sub) -10/Subcaves (discovered 3 exits: Mat x2 / *Rec) -8/Recycling (discovered 1 exit: [*Fac]) History --------- Turn | Location | Event 1 | -11/Scrapyard | Discovered new exit (range 0) 1 | -11/Scrapyard | Entered Materials 96 | -10/Materials | Discovered new exit (range 5) 236 | -10/Materials | Destroyed 7 combat bots 261 | -10/Materials | Repaired Grenade Launcher 314 | -10/Materials | Build established: Mutant 370 | -10/Materials | Discovered new exit (range 14) 506 | -10/Materials | Discovered new exit (range 11) 659 | -10/Materials | Discovered new exit (range 12) 1224 | -10/Materials | Discovered new exit (range 5) 1389 | -10/Materials | Discovered new exit (range 11) 1402 | -10/Materials | Entered Subcaves 1456 | -10/Subcaves | Visited Clippyterm 1459 | -10/Subcaves | Identified exit to Recycling 1459 | -10/Subcaves | Identified exit to Materials 1673 | -10/Subcaves | Core integrity fell below 50% 1762 | -10/Subcaves | Lost 4 parts (1p1n2w) 1889 | -10/Subcaves | Entered Recycling 1891 | -8/Recycling | Found Scrap Engine 2114 | -8/Recycling | Build established: Scavenger-Mutant 2200 | -8/Recycling | Core integrity fell below 20% 2371 | -8/Recycling | Discovered new exit (range 16) 2396 | -8/Recycling | P-60 Hacker assimilated allied Pest 3b 2400 | -8/Recycling | Destroyed by G-47 Trooper with Particle Gun Last Messages --------------- 02336_ Acquired 8 matter. 02341_ Attempting to rewire K-01 Serf. 02341_ K-01 Serf rewired. 02342_ U-05 Engineer builds a Wall. 02344_ Attempting to rewire G-47 Trooper. 02350_ G-47 Trooper rewired. 02371_ EXIT=FOUND 02394_ S-10 Pest springs to life. 02395_ G-47 Trooper springs to life. 02395_ Attempting to rewire Y-45 Defender. 02395_ P-60 Hacker springs to life. 02395_ I-25 Savior springs to life. 02396_ P-60 Hacker hacks Pest 3b, assimilated. 02396_ Slug penetrates Pest 3b. 02396_ Destroyed Flight Unit. 02396_ Attempting to rewire Y-45 Defender. 02396_ Pest 3b suffers critical hit (Burn). 02396_ Pest 3b destroyed. 02396_ Pest 3a destroyed. 02398_ S-10 Pest knocked back. Map ----- +----------------------------------------------------+ | #??? ?????????????????????? | | #??? ???????????????????????? | | #??? ????????????????????????? | | #???# ?????????????????????????? | | #???# ??????????????????????????? | | #???# ???????????????????????????? | | #???# #???????????????????????????? | | ######+##+#??????#????????????????????? | | * #?????? ????????????????????? | | % #?????? ????????????????????? | | ! ! #?#####+####????????????????? | | ! [### #????????????????? | | % ] ! + # #????????????????? | | #?# #????????????????? | | ! % [ #?# #????????????????? | | % % #?# #????????????????? | | % #?# #????????????????? | | % ! #?# ##???????????????? | | ! #?? ??????####??????? | | #???? ????????%% #??????? | | ####+############+##########%%%###????? | | #????? | | < #????? | | % #????? | | ######/#########+#########t#####?????? | | ????? ?????? ?????#@/i= a #???? | | ?????? ????? ?????# Yb= h #???? | | ????? ??? ????# ts r #???? | | ????? ??# ????#g !* #???? | | ???? #?# ???#rsp l #???? | | ???? #?# ???# i #???? | | ??? #?# ??# r !b#???? | | ??? #? ??# / Y t#???? | | ?? ########### #?###########???? | | ??# #######??????????##???????????????? | | ??##??????????????????????????????????? | | ??????????????????????????????????????? | | | | | | | | | | | | | | | | | | | | | | | | | | | +----------------------------------------------------+ Best States ------------- Heat Dissipation 25 Energy Generation 14 Energy Capacity 265 Matter Stores 300 Matter Capacity 300 Sight Range 21 Terrain Scan Density 10 Armor Coverage 150 Evasion (%) 55 Offensive Hacking 10 Item Schematics ----------------- None Robot Schematics ------------------ None Fabricated ------------ Nothing Alien Tech Used ----------------- None Achievements -------------- None Challenges ------------ None Game ------ Seed AblativeScrapActivator Manual? 0 Play Time 00:30:47 Cumulative 185.9 hours Start 2024.03.16 @ 05:53:13 End 2024.03.16 @ 06:23:43 Sessions 1 Manual Loads 0 Difficulty Rogue Special Mode None Game No. 142 Rogue 132 Adventurer 0 Explorer 10 Win Type - Total 3 Types 3/0/0/0/0/0/0/0/0 Lore% 59 Gallery% 69 Achievement% 51 Wizard Run 0 Options --------- Layout 1 ASCII 0 Keyboard 0 Movement Arrows Keybinds 1 Fullscreen 1 Font 24/Smallcaps Map View 50x35 Zoom Use 0% Tactical HUD 1 Map Filters NONE Filters NONE Steam 1 RUN: 8e802ae8-f9a8-414a-a7df-5e5a0f03c717